[Event "Titled Tuesday Blitz July 18 Early 2023"]
[White "AndresDelgado77"]
[Black "Colas, Joshua"]
[BlackFideId "2044447"]
[WhiteElo "2303"]
[BlackElo "2608"]
[Result "1-0"]
[Round "1"]
[TimeControl "180+2"]
[Date "2023.07.18"]
[WhiteClock "0:00:51"]
[BlackClock "0:00:25"]
[Board "145"]

1. e4 c5 2. Nf3 e6 3. c3 Nf6 4. Bd3 Nc6 5. Bc2 d5 6. e5 Nd7 7. d4 Qb6 8. a3 Ke7 9. O-O cxd4 10. cxd4 f5 11. exf6+ Nxf6 12. Re1 Bd7 13. Nc3 h6 14. Na4 Qc7 15. b4 Re8 16. Bg6 Rd8 17. Nc5 b6 18. Nd3 Be8 19. Nde5 Nxe5 20. Nxe5 Rg8 21. Bf4 Qb7 22. Rc1 Rc8 23. Qe2 Rd8 24. b5 Ne4 25. f3 Bxg6 26. Nxg6+ Kf6 27. Rc7 Qxc7 28. Bxc7 Rd7 29. Nxf8 Rxc7 30. Nh7+ Kg6 31. fxe4 Kxh7 32. exd5 exd5 33. Qd3+ Kh8 34. Qg6 Rf8 35. h3 Rcf7 36. Re8 Rf1+ 37. Kh2 Rf6 38. Rxf8+ Rxf8 39. Qd6 Rf5 40. Qb8+ 1-0


[Site "https://www.chess.com"]

[Event "Titled Tuesday Blitz July 18 Early 2023"]
[White "Frolyanov, Dmitry"]
[Black "Cardozo Munar, Carlos Eduardo"]
[WhiteFideId "4151976"]
[BlackFideId "4409477"]
[WhiteElo "2607"]
[BlackElo "2302"]
[Result "1-0"]
[Round "1"]
[TimeControl "180+2"]
[Date "2023.07.18"]
[WhiteClock "0:00:29"]
[BlackClock "0:00:21"]
[Board "146"]

1. d4 d5 2. c4 e5 3. dxe5 d4 4. Nf3 Nc6 5. g3 Nge7 6. Bg2 Ng6 7. O-O Ngxe5 8. Nxe5 Nxe5 9. Na3 Bxa3 10. Qa4+ Bd7 11. Qxa3 Bc6 12. Qc5 Qe7 13. Qxd4 Bxg2 14. Kxg2 Rd8 15. Qc3 O-O 16. b3 Rfe8 17. Bb2 f6 18. Rad1 Ng4 19. Rxd8 Rxd8 20. Qf3 Rd2 21. Qxg4 Rxb2 22. Rd1 Qxe2 23. Rd8+ Kf7 24. Qf5 Rd2 25. Rd5 c6 26. Qd7+ Kg6 27. Rxd2 Qe4+ 28. Kh3 h5 29. Qd3 1-0


[Site "https://www.chess.com"]

[Event "Titled Tuesday Blitz July 18 Early 2023"]
[White "Holtel, Jasper"]
[Black "brm72"]
[WhiteFideId "12956376"]
[WhiteElo "2300"]
[BlackElo "2607"]
[Result "1/2-1/2"]
[Round "1"]
[TimeControl "180+2"]
[Date "2023.07.18"]
[WhiteClock "0:00:30"]
[BlackClock "0:00:31"]
[Board "147"]

1. e4 c6 2. Nf3 d5 3. Nc3 dxe4 4. Nxe4 Nf6 5. Qe2 Nxe4 6. Qxe4 Nd7 7. d4 Nf6 8. Qf4 Bg4 9. c3 e6 10. Ne5 Bh5 11. Bd3 Bd6 12. O-O Qc7 13. Qe3 Bg6 14. f4 O-O-O 15. a4 Nd5 16. Qe2 Bxd3 17. Qxd3 f6 18. Nf3 Nxf4 19. Bxf4 Bxf4 20. a5 e5 21. a6 b6 22. Rae1 exd4 23. Nxd4 Bxh2+ 24. Kh1 Be5 25. Qf5+ Qd7 26. Nxc6 Qxf5 27. Rxf5 Rd7 28. Nxe5 fxe5 29. Rfxe5 Rf8 30. R5e4 Rf2 31. R1e2 Rxe2 32. Rxe2 Kc7 33. Re8 Kc6 34. c4 Rc7 35. b4 Kd6 36. Re4 Rf7 37. Kg1 g6 38. Rd4+ Kc6 39. Re4 Rd7 40. Kf2 Rf7+ 41. Ke3 Kd6 42. Rd4+ Kc6 43. Re4 Kd6 44. Rd4+ Kc6 45. Re4 1/2-1/2


[Site "https://www.chess.com"]

[Event "Titled Tuesday Blitz July 18 Early 2023"]
[White "Onufrienko, Vladislav"]
[Black "Wang, Alexander J"]
[WhiteFideId "13804332"]
[BlackFideId "30955270"]
[WhiteElo "2607"]
[BlackElo "2299"]
[Result "1-0"]
[Round "1"]
[TimeControl "180+2"]
[Date "2023.07.18"]
[WhiteClock "0:00:47"]
[BlackClock "0:00:04"]
[Board "148"]

1. e4 c5 2. Nc3 d6 3. d4 cxd4 4. Qxd4 Nc6 5. Qd2 Nf6 6. b3 g6 7. Bb2 Bg7 8. O-O-O O-O 9. f3 Ne5 10. g4 a6 11. h4 h5 12. gxh5 Nxh5 13. Nd5 Be6 14. f4 Ng4 15. Bxg7 Kxg7 16. Be2 Bxd5 17. exd5 Ngf6 18. f5 Qb6 19. Bxh5 Nxh5 20. Nf3 Qc5 21. Rhg1 Rac8 22. Rg5 Nf6 23. fxg6 fxg6 24. Qd3 Qa3+ 25. Kb1 1-0


[Site "https://www.chess.com"]

[Event "Titled Tuesday Blitz July 18 Early 2023"]
[White "Freile Martin, Javier"]
[Black "Fiorito, Francisco"]
[WhiteFideId "3600165"]
[BlackFideId "180165"]
[WhiteElo "2294"]
[BlackElo "2606"]
[Result "0-1"]
[Round "1"]
[TimeControl "180+2"]
[Date "2023.07.18"]
[WhiteClock "0:00:40"]
[BlackClock "0:00:11"]
[Board "149"]

1. c4 Nf6 2. Nc3 e5 3. Nf3 Nc6 4. a3 d5 5. cxd5 Nxd5 6. e4 Nxc3 7. bxc3 Bd6 8. Rb1 O-O 9. Bc4 Qf6 10. h3 h6 11. O-O Rb8 12. Qe2 a6 13. Rd1 b5 14. Ba2 Bc5 15. Bb2 Rd8 16. d4 exd4 17. cxd4 Nxd4 18. Rxd4 Bxd4 19. e5 Qb6 20. Rd1 c5 21. Bc1 Be6 22. Bb1 Kf8 23. Qe4 Bxf2+ 24. Kxf2 Rxd1 25. Be3 Rbd8 26. Qh7 Rxb1 27. Qxb1 Kg8 28. Qc2 Qc6 29. Bxc5 Rc8 30. Qd2 Qxc5+ 31. Kg3 Qc3 32. Qd6 g5 33. Qxa6 Qc4 34. Qd6 Qf4+ 35. Kf2 Rc2+ 36. Kg1 Rc1+ 37. Kf2 Rc8 38. Qd3 Qc4 39. Qe3 Qa2+ 40. Kg3 Qc4 41. Nxg5 hxg5 42. Qxg5+ Kf8 43. Qh6+ Ke8 44. Qh8+ Kd7 45. Qh5 Qd3+ 46. Kh2 Rc3 47. Qg5 Rxa3 48. Qc1 Qg3+ 49. Kg1 Qb3 50. Qd2+ Qd5 51. Qb4 Ra1+ 52. Kh2 Qxe5+ 53. g3 Qe2# 0-1


[Site "https://www.chess.com"]

[Event "Titled Tuesday Blitz July 18 Early 2023"]
[White "Fonseca Manrique, Enrique"]
[Black "Martin, Lewis"]
[WhiteFideId "5114330"]
[BlackFideId "410551"]
[WhiteElo "2604"]
[BlackElo "2294"]
[Result "0-1"]
[Round "1"]
[TimeControl "180+2"]
[Date "2023.07.18"]
[WhiteClock "0:00:00"]
[BlackClock "0:00:17"]
[Board "150"]

1. e4 c5 2. Nc3 Nc6 3. f4 g6 4. Nf3 Bg7 5. Bb5 Nd4 6. Ba4 a6 7. d3 b5 8. Bb3 e6 9. O-O Ne7 10. Nxd4 cxd4 11. Ne2 O-O 12. Qe1 Bb7 13. Qf2 a5 14. a4 bxa4 15. Bxa4 f5 16. e5 d6 17. Nxd4 Bd5 18. c4 dxe5 19. fxe5 Bxe5 20. cxd5 Qxd5 21. Nf3 Bf6 22. Bg5 Qxd3 23. Ra3 Qa6 24. Bxf6 Rxf6 25. Re1 Nd5 26. Qd4 Rb8 27. Bb3 Rb4 28. Qe5 Qb6+ 29. Kh1 Rxb3 30. Raa1 Rxb2 31. Rac1 Qf2 32. Rg1 Re2 33. Rc8+ Kg7 34. Qa1 Kh6 35. Qc1+ f4 36. Rh8 Rf5 37. Qb1 Rh5 38. Qb7 Nf6 39. Qf7 Qxf3 40. Rxh7+ Nxh7 0-1


[Site "https://www.chess.com"]

[Event "Titled Tuesday Blitz July 18 Early 2023"]
[White "Travadon, Loic"]
[Black "Krutko, Anatoly"]
[WhiteFideId "26092131"]
[BlackFideId "4185862"]
[WhiteElo "2294"]
[BlackElo "2602"]
[Result "0-1"]
[Round "1"]
[TimeControl "180+2"]
[Date "2023.07.18"]
[WhiteClock "0:00:43"]
[BlackClock "0:01:26"]
[Board "151"]

1. d4 Nf6 2. c4 g6 3. g4 Nxg4 4. e4 Nf6 5. e5 Ng8 6. Nc3 d6 7. f4 Bg7 8. Nf3 Nh6 9. Bd3 Nf5 10. Ne4 dxe5 11. dxe5 Nc6 12. b3 Ncd4 13. Nc3 O-O 14. Bxf5 Nxf3+ 15. Qxf3 Bxf5 16. Bd2 f6 17. Qxb7 fxe5 18. Qd5+ Kh8 19. fxe5 Qxd5 20. Nxd5 Bxe5 21. Bc3 Bxc3+ 22. Nxc3 Rad8 23. O-O e6 24. Nb5 Rd2 25. Nxc7 Rfd8 26. Rf2 Kg7 27. Raf1 Rxf2 28. Rxf2 Kf6 29. Nb5 a6 30. Nc3 Rd3 31. Ne4+ Ke5 32. Nc5 Rd1+ 33. Kg2 a5 34. Nb7 Be4+ 0-1


[Site "https://www.chess.com"]

[Event "Titled Tuesday Blitz July 18 Early 2023"]
[White "Sanchez Alvares, Kelvin Antonio"]
[Black "Zaksaite, Salomeja"]
[WhiteFideId "3906680"]
[BlackFideId "12801496"]
[WhiteElo "2602"]
[BlackElo "2294"]
[Result "1-0"]
[Round "1"]
[TimeControl "180+2"]
[Date "2023.07.18"]
[WhiteClock "0:01:41"]
[BlackClock "0:00:00"]
[Board "152"]

1. e4 c5 2. Ne2 Nc6 3. d4 cxd4 4. Nxd4 Nf6 5. Nc3 e5 6. Ndb5 d6 7. Bg5 a6 8. Na3 b5 9. Nd5 Be7 10. Bxf6 Bxf6 11. c4 b4 12. Nc2 a5 13. g3 O-O 14. Bg2 Be6 15. O-O Rb8 16. Nxf6+ Qxf6 17. Qxd6 Bxc4 18. Qxf6 gxf6 19. Rfc1 Rbc8 20. Ne3 Be6 21. Rc5 a4 22. Rac1 Nd4 23. Rxc8 Rxc8 24. Rxc8+ Bxc8 25. Nd5 a3 26. bxa3 Be6 27. axb4 Nb5 28. a4 1-0


[Site "https://www.chess.com"]

[Event "Titled Tuesday Blitz July 18 Early 2023"]
[White "lgabi"]
[Black "HamedWafa4"]
[WhiteElo "2289"]
[BlackElo "2601"]
[Result "0-1"]
[Round "1"]
[TimeControl "180+2"]
[Date "2023.07.18"]
[WhiteClock "0:00:07"]
[BlackClock "0:00:26"]
[Board "153"]

1. e4 e5 2. Nf3 Nc6 3. Bc4 Bc5 4. c3 Nf6 5. Qe2 O-O 6. O-O a6 7. Rd1 Ba7 8. Bb3 d6 9. h3 Be6 10. Bc2 Re8 11. d4 exd4 12. cxd4 Bf5 13. Nc3 Nxe4 14. Nxe4 d5 15. Ne5 dxe4 16. Nxc6 bxc6 17. Be3 Rb8 18. Ba4 Qf6 19. Rac1 Bd7 20. Qxa6 Bb6 21. b3 Re6 22. d5 Bxe3 23. fxe3 Rd6 24. Bxc6 Bxh3 25. Qe2 Qe5 26. Rf1 Rg6 27. Rf2 Bg4 28. Qb2 Qg3 29. d6 Rh6 30. Bxe4 Qh2+ 31. Kf1 Qh1# 0-1


[Site "https://www.chess.com"]

[Event "Titled Tuesday Blitz July 18 Early 2023"]
[White "Sadykov, Ramil"]
[Black "ExchangeAB"]
[WhiteFideId "24113590"]
[WhiteElo "2601"]
[BlackElo "2287"]
[Result "0-1"]
[Round "1"]
[TimeControl "180+2"]
[Date "2023.07.18"]
[WhiteClock "0:00:07"]
[BlackClock "0:00:26"]
[Board "154"]

1. d4 d5 2. c4 c6 3. Nf3 Nf6 4. Qc2 e6 5. g3 Nbd7 6. Bg2 Bb4+ 7. Bd2 Bxd2+ 8. Nbxd2 O-O 9. O-O b6 10. Rfd1 Bb7 11. e4 dxe4 12. Nxe4 Nxe4 13. Qxe4 Nf6 14. Qe3 Qe7 15. Ne5 Rac8 16. c5 Nd7 17. Nd3 Rfe8 18. b4 h6 19. a4 Ba6 20. b5 cxb5 21. axb5 Bxb5 22. Rxa7 Qd8 23. Nb4 Qf6 24. c6 Nb8 25. c7 Nd7 26. Rc1 e5 27. d5 Nc5 28. Rd1 Qd6 29. f4 Rxc7 30. Rxc7 Qxc7 31. d6 Qd8 32. fxe5 Qg5 33. Qxg5 hxg5 34. Bc6 Bxc6 35. Nxc6 Nd7 36. Rb1 f6 37. Ne7+ Kf7 38. exf6 gxf6 39. Re1 Ne5 40. Kg2 Ke6 41. Nc6 Kxd6 42. Nd4 Kd5 43. Nf5 Ra8 44. Rd1+ Ke6 45. Nd4+ Ke7 46. Rb1 Ra2+ 47. Kg1 Nc4 48. Re1+ Kf7 49. Rc1 Ne3 50. Rb1 Rg2+ 51. Kh1 Rd2 52. h3 Rxd4 53. Rxb6 Rd2 54. g4 Rf2 55. Kg1 Rf4 56. Kh2 Nd5 57. Rb7+ Ke6 58. Kg3 Ke5 59. Rb3 Rc4 60. Kf2 Rc3 61. Rb5 Rxh3 62. Kg2 Rd3 63. Ra5 Ke4 64. Ra8 Kf4 65. Ra4+ Ke5 66. Kf2 Rd4 67. Ra8 Rxg4 68. Re8+ Kf5 69. Kf3 Rb4 70. Rd8 Rb5 71. Rc8 Rb3+ 72. Kf2 Ke5 73. Re8+ Kd4 74. Rd8 f5 75. Rg8 g4 76. Rf8 Ke4 77. Re8+ Kf4 78. Rd8 Rb2+ 79. Kg1 Kg3 80. Kf1 Nf4 81. Ke1 Rb1+ 82. Kd2 Kf3 83. Rf8 g3 84. Rxf5 g2 85. Rg5 g1=Q 86. Rxg1 Rxg1 87. Kc3 Ke3 88. Kc4 Nh5 89. Kc5 Rd1 90. Kc4 Ke4 91. Kc3 Rd4 92. Kc2 Rd3 93. Kc1 Kd4 94. Kc2 Kc4 95. Kc1 Kc3 96. Kb1 Rd2 97. Kc1 Kd3 98. Kb1 Rc2 99. Ka1 Kc3 100. Kb1 Kb3 101. Ka1 Rc1# 0-1


[Site "https://www.chess.com"]

[Event "Titled Tuesday Blitz July 18 Early 2023"]
[White "Spichkin, Alexander"]
[Black "NicolaiMaxime"]
[WhiteFideId "4144074"]
[WhiteElo "2283"]
[BlackElo "2600"]
[Result "0-1"]
[Round "1"]
[TimeControl "180+2"]
[Date "2023.07.18"]
[WhiteClock "0:02:11"]
[BlackClock "0:01:56"]
[Board "155"]

1. f4 d5 2. Nf3 Nh6 3. e3 Nf5 4. Be2 g6 5. O-O Bg7 6. Qe1 O-O 7. d3 c5 8. c3 Nc6 9. e4 dxe4 10. dxe4 Nd6 11. Nbd2 e5 12. Qg3 exf4 13. Qxf4 Qf6 14. Qg3 Ne5 15. Nc4 Nexc4 16. e5 Nxe5 17. Nxe5 Qxe5 18. Bf4 Qxe2 19. Bxd6 Re8 20. Rae1 Qb5 21. Bxc5 Qxc5+ 0-1


[Site "https://www.chess.com"]

[Event "Titled Tuesday Blitz July 18 Early 2023"]
[White "Garcia Blanco, Omar"]
[Black "Mikhaylova, Irina"]
[WhiteFideId "2287153"]
[BlackFideId "4109040"]
[WhiteElo "2597"]
[BlackElo "2281"]
[Result "1-0"]
[Round "1"]
[TimeControl "180+2"]
[Date "2023.07.18"]
[WhiteClock "0:00:08"]
[BlackClock "0:00:00"]
[Board "156"]

1. e4 c5 2. Nc3 Nc6 3. Bb5 Nd4 4. Nf3 e6 5. O-O Ne7 6. Nxd4 cxd4 7. Ne2 Nc6 8. c3 Bc5 9. b4 Bb6 10. Bb2 dxc3 11. Bxc3 O-O 12. d4 d5 13. e5 a5 14. a3 Bd7 15. Bd3 axb4 16. axb4 Rxa1 17. Qxa1 f5 18. Qb2 f4 19. b5 Ne7 20. f3 Nf5 21. Rc1 Qg5 22. Bxf5 Rxf5 23. Kh1 Qh4 24. Be1 Qh5 25. Qa3 Qf7 26. Qd6 Bd8 27. Qb8 Qe8 28. Qxb7 Bxb5 29. Ng1 Bc4 30. Ra1 Rf7 31. Qb8 Rf8 32. Ra8 Bb5 33. Qa7 Qd7 34. Qa3 Be7 35. Rxf8+ Bxf8 36. Bb4 Qe8 37. Qa5 1-0


[Site "https://www.chess.com"]

[Event "Titled Tuesday Blitz July 18 Early 2023"]
[White "Magallanes, Rey Jomar"]
[Black "Karttunen, Mika"]
[WhiteFideId "5205948"]
[BlackFideId "502081"]
[WhiteElo "2280"]
[BlackElo "2596"]
[Result "0-1"]
[Round "1"]
[TimeControl "180+2"]
[Date "2023.07.18"]
[WhiteClock "0:00:42"]
[BlackClock "0:00:45"]
[Board "157"]

1. e4 c5 2. Nf3 d6 3. d4 cxd4 4. Nxd4 Nf6 5. Nc3 a6 6. Be2 e5 7. Nb3 Be7 8. O-O O-O 9. Qd3 Nbd7 10. Bd2 Nc5 11. Nxc5 dxc5 12. Nd5 Nxd5 13. exd5 f5 14. c4 Bd6 15. f4 e4 16. Qg3 Bd7 17. Bc3 Qe7 18. a3 b5 19. b3 Rab8 20. Rab1 Rb7 21. b4 bxc4 22. Bxc4 Bb5 23. Bxb5 axb5 24. Kh1 c4 25. Be5 Ra8 26. Ra1 Rba7 27. Bxd6 Qxd6 28. Rfd1 h6 29. Qe3 Rc7 30. Rac1 Kh7 31. g3 Rca7 32. Ra1 Rc7 33. Rac1 Ra6 34. Rc3 Qf6 35. Qd4 Qxd4 36. Rxd4 Rd6 37. Rc1 Rcd7 38. Rcd1 c3 39. Kg2 c2 40. Rc1 Rxd5 41. Rxd5 Rxd5 42. Rxc2 Rd3 43. Rc5 Kg6 44. Rxb5 Rxa3 45. Rb6+ Kf7 46. Rc6 Rb3 47. Rc4 Rb2+ 48. Kg1 Ke6 49. g4 g6 50. gxf5+ Kxf5 51. b5 Rxb5 52. Kf2 Rb2+ 53. Ke3 Rb3+ 54. Kf2 Kxf4 55. Rc6 Rb2+ 56. Kf1 Rxh2 57. Rxg6 Kf3 58. Rf6+ Ke3 59. Kg1 Ra2 60. Rxh6 Ra1+ 61. Kg2 Ke2 62. Re6 e3 63. Re8 Ra7 64. Kg3 Rg7+ 65. Kf4 Rf7+ 66. Kg3 Kd2 67. Rd8+ Ke1 68. Re8 e2 69. Kg2 Rf5 70. Re7 Kd2 71. Rd7+ Ke3 72. Re7+ Kd3 73. Rd7+ Kc2 74. Rc7+ Kd1 75. Rd7+ Ke1 76. Re7 Rf1 77. Re8 Kd2 78. Rd8+ Kc3 79. Rc8+ Kb4 80. Rb8+ Kc5 81. Rc8+ Kd6 82. Rd8+ Kc7 83. Re8 e1=Q 84. Rxe1 Rxe1 85. Kf2 Re8 86. Kf3 Kd6 87. Kf4 Kd5 88. Kf5 Rf8+ 89. Kg6 Rf1 90. Kg7 Ke6 91. Kg6 Rg1+ 92. Kh6 Kf7 93. Kh5 Rg8 94. Kh4 Kf6 95. Kh3 Kf5 96. Kh2 Kf4 97. Kh3 Rg7 98. Kh4 Rh7# 0-1


[Site "https://www.chess.com"]

[Event "Titled Tuesday Blitz July 18 Early 2023"]
[White "Mis, Mieszko"]
[Black "SicilianPanzer"]
[WhiteFideId "1196448"]
[WhiteElo "2595"]
[BlackElo "2279"]
[Result "1-0"]
[Round "1"]
[TimeControl "180+2"]
[Date "2023.07.18"]
[WhiteClock "0:01:47"]
[BlackClock "0:00:00"]
[Board "158"]

1. Nf3 Nf6 2. b3 g6 3. Bb2 Bg7 4. g3 a5 5. Bg2 a4 6. O-O O-O 7. c4 c6 8. d3 d5 9. Nbd2 Nbd7 10. Qc2 Re8 11. Rfc1 a3 12. Bc3 e5 13. cxd5 cxd5 14. Bb4 e4 15. Nd4 e3 16. N2f3 Ng4 17. fxe3 Nxe3 18. Qc7 Qf6 19. Bc3 Qb6 20. Qxb6 Nxb6 21. Bf1 Bh6 22. Re1 Bd7 23. Bd2 Rac8 24. Rac1 Bg7 25. Rxc8 Bxc8 26. Rc1 Nxf1 27. Kxf1 Bh3+ 28. Kf2 Rc8 29. Rxc8+ Nxc8 30. Bb4 Na7 31. Bxa3 Bd7 32. Bc5 Nc6 33. a4 g5 34. Nxc6 Bxc6 35. Nxg5 d4 36. Nf3 Bd5 37. b4 1-0


[Site "https://www.chess.com"]

[Event "Titled Tuesday Blitz July 18 Early 2023"]
[White "arturdailima"]
[Black "Shukhman, Anna"]
[BlackFideId "54180058"]
[WhiteElo "2278"]
[BlackElo "2594"]
[Result "0-1"]
[Round "1"]
[TimeControl "180+2"]
[Date "2023.07.18"]
[WhiteClock "0:00:32"]
[BlackClock "0:00:07"]
[Board "159"]

1. e4 c5 2. Nf3 g6 3. d4 cxd4 4. Nxd4 Nf6 5. e5 Qa5+ 6. Nc3 Qxe5+ 7. Be2 Bg7 8. O-O O-O 9. Re1 Qa5 10. Bf3 Qd8 11. Bf4 Nc6 12. Ndb5 d6 13. h4 a6 14. Na3 e5 15. Bg5 Be6 16. Ne4 d5 17. Nxf6+ Bxf6 18. Bxf6 Qxf6 19. Bxd5 Rfd8 20. c4 Nb4 21. Qf3 Nxd5 22. cxd5 Qxf3 23. gxf3 Rxd5 24. Nc4 Rd4 25. Nxe5 Rxh4 26. Rac1 Rd8 27. Rc7 b5 28. Ra7 Rd6 29. a3 b4 30. a4 b3 31. Re4 Rxe4 32. fxe4 Rd2 33. Rxa6 Rxb2 34. Rb6 Ra2 35. Kg2 Rxa4 36. f3 Ra2+ 37. Kg3 Rd2 38. Kf4 h5 39. Ke3 Rg2 40. Nd3 h4 41. Nf4 Rg1 42. Nxe6 fxe6 43. Rxb3 h3 44. Rb2 Rh1 45. Kf4 h2 46. Kg3 Kf7 47. Rxh2 Rxh2 48. Kxh2 Kf6 49. Kg3 Ke5 50. Kg4 Kd4 51. Kg5 Ke3 52. Kxg6 Kxf3 53. e5 Ke4 54. Kg5 Kxe5 55. Kg4 Kd4 56. Kg3 e5 57. Kf2 Kd3 58. Ke1 Ke3 59. Kf1 Kd2 0-1


[Site "https://www.chess.com"]

[Event "Titled Tuesday Blitz July 18 Early 2023"]
[White "Ambartsumova, Karina"]
[Black "Ardila, Oscar Humberto"]
[WhiteFideId "4166299"]
[BlackFideId "4404742"]
[WhiteElo "2593"]
[BlackElo "2274"]
[Result "1-0"]
[Round "1"]
[TimeControl "180+2"]
[Date "2023.07.18"]
[WhiteClock "0:00:18"]
[BlackClock "0:00:00"]
[Board "160"]

1. e4 e5 2. Nf3 Nf6 3. Bc4 Nxe4 4. Nxe5 d5 5. Be2 Bd6 6. d4 O-O 7. O-O Nd7 8. Nxd7 Bxd7 9. c4 c6 10. Nc3 Qh4 11. f4 Rfe8 12. Nxe4 dxe4 13. Be3 f5 14. Qb3 Kh8 15. Qxb7 Red8 16. Qa6 Rab8 17. b3 Rb6 18. Qxa7 Rbb8 19. c5 Ra8 20. Qb7 Rab8 21. Qa6 Bc7 22. Qc4 g5 23. g3 Qh3 24. Qf7 g4 25. d5 Qh6 26. Bd4+ 1-0


[Site "https://www.chess.com"]

[Event "Titled Tuesday Blitz July 18 Early 2023"]
[White "Boder, Jan"]
[Black "Skliarov, Viktor"]
[WhiteFideId "16243226"]
[BlackFideId "14106736"]
[WhiteElo "2271"]
[BlackElo "2591"]
[Result "0-1"]
[Round "1"]
[TimeControl "180+2"]
[Date "2023.07.18"]
[WhiteClock "0:00:06"]
[BlackClock "0:01:08"]
[Board "161"]

1. c4 e5 2. g3 Nf6 3. Bg2 c6 4. Nf3 e4 5. Nd4 Qb6 6. Nb3 a5 7. d3 a4 8. N3d2 e3 9. fxe3 Qxe3 10. Ne4 Bb4+ 11. Nbc3 Qb6 12. Bd2 Nxe4 13. Nxe4 O-O 14. Bxb4 Qxb4+ 15. Qd2 Qxd2+ 16. Kxd2 d5 17. cxd5 cxd5 18. Nc3 d4 19. Nb5 Rd8 20. Rhc1 Nc6 21. Bxc6 bxc6 22. Rxc6 Bd7 23. Rc5 Ra5 24. Rac1 Rxb5 25. Rxb5 Bxb5 26. Rc5 Be8 27. Rc4 Kf8 28. h4 Ke7 29. Rc7+ Ke6 30. Kc2 Bd7 31. Kd2 Rb8 32. Rc2 Rc8 33. Rc4 Rxc4 34. dxc4 Kd6 35. b4 axb3 36. axb3 Kc5 37. e3 Bf5 38. exd4+ Kxd4 39. Ke2 Be4 40. Kd2 f5 41. Ke2 g6 42. Kd2 h6 43. Ke2 g5 44. hxg5 hxg5 45. Kd2 f4 46. gxf4 gxf4 47. Ke2 Kc3 48. Kf2 Kxb3 49. Kg1 Kxc4 50. Kh2 Kd3 51. Kh3 Ke2 52. Kg4 f3 53. Kf4 f2 54. Kxe4 f1=Q 55. Kd4 Qf4+ 56. Kd5 Kd3 57. Kc5 Qe5+ 58. Kc6 Kc4 59. Kb6 Qd6+ 60. Kb7 Kb5 61. Ka8 Qd7 62. Kb8 Ka6 0-1


[Site "https://www.chess.com"]

[Event "Titled Tuesday Blitz July 18 Early 2023"]
[White "Gontcharov, Vladislav"]
[Black "Barwinska, Ewa"]
[WhiteFideId "4123492"]
[BlackFideId "21833761"]
[WhiteElo "2590"]
[BlackElo "2269"]
[Result "0-1"]
[Round "1"]
[TimeControl "180+2"]
[Date "2023.07.18"]
[WhiteClock "0:00:00"]
[BlackClock "0:00:11"]
[Board "162"]

1. d4 d5 2. c4 e6 3. Nc3 f5 4. g4 fxg4 5. e4 dxe4 6. Qxg4 Qxd4 7. Be3 Qe5 8. O-O-O Nf6 9. Qg3 Qxg3 10. hxg3 Bb4 11. Nb5 Na6 12. a3 Be7 13. Nxa7 Bd7 14. Nb5 c6 15. Nd6+ Bxd6 16. Rxd6 Ke7 17. Rd2 e5 18. Bh3 Bxh3 19. Nxh3 Rad8 20. Rhd1 h6 21. Bb6 Rxd2 22. Rxd2 Nd7 23. Be3 Nac5 24. Kc2 Nd3 25. Kc3 Ne1 26. Re2 Nf3 27. Bd2 Nf6 28. Kc2 Nd4+ 29. Kd1 Nxe2 30. Kxe2 Rd8 31. Ng1 Ke6 32. Ke1 Rd4 33. b3 Rd3 34. Ne2 Rxb3 35. Bc1 Rb1 36. Kd2 c5 37. Nc3 Rb6 38. Na4 Rd6+ 39. Kc2 b6 40. Be3 Ng4 41. Nc3 Nxe3+ 42. fxe3 Kf5 43. Nd5 g5 44. a4 h5 45. Kd2 h4 46. gxh4 gxh4 47. Ke2 h3 48. Kf2 h2 49. Kg2 Rh6 50. Kh1 Kg4 51. Nc3 Kf3 52. Nd5 Ke2 53. Nf6 Rxf6 0-1


[Site "https://www.chess.com"]

[Event "Titled Tuesday Blitz July 18 Early 2023"]
[White "Akhayan, Ruben"]
[Black "Lana Rodriguez, David"]
[WhiteFideId "204439"]
[BlackFideId "2270803"]
[WhiteElo "2268"]
[BlackElo "2589"]
[Result "0-1"]
[Round "1"]
[TimeControl "180+2"]
[Date "2023.07.18"]
[WhiteClock "0:00:31"]
[BlackClock "0:01:55"]
[Board "163"]

1. d4 Nf6 2. Nf3 e6 3. Bg5 d5 4. e3 c5 5. c3 Nc6 6. Nbd2 Bd6 7. Bd3 h6 8. Bh4 Qc7 9. Bxf6 gxf6 10. dxc5 Bxc5 11. e4 dxe4 12. Nxe4 Be7 13. Qe2 b6 14. O-O-O Bb7 15. Kb1 O-O-O 16. Ba6 Rhg8 17. Rxd8+ Rxd8 18. Bxb7+ Kxb7 19. Rd1 f5 20. Ng3 Bf6 21. Rxd8 Qxd8 22. Qd2 Qxd2 23. Nxd2 Ne5 24. f3 Nd3 25. Nh5 Bg5 26. Nc4 Ne1 27. Nd6+ Kc6 28. Nxf7 Nxg2 29. Nxg5 hxg5 30. Kc2 Ne1+ 31. Kd2 Nxf3+ 32. Ke3 Nxh2 33. Ng7 Kd5 34. c4+ Ke5 35. b4 Ng4+ 36. Kd3 Nf2+ 37. Ke3 Ng4+ 38. Kd3 f4 39. c5 bxc5 40. bxc5 Nf2+ 41. Kc4 Ne4 42. c6 f3 43. c7 f2 44. c8=Q Nd6+ 45. Kc5 Nxc8 0-1


[Site "https://www.chess.com"]

[Event "Titled Tuesday Blitz July 18 Early 2023"]
[White "Al-Tarboush, Ward"]
[Black "Nugumanov, Bakhtiyar"]
[WhiteFideId "7601450"]
[BlackFideId "13701797"]
[WhiteElo "2589"]
[BlackElo "2263"]
[Result "1-0"]
[Round "1"]
[TimeControl "180+2"]
[Date "2023.07.18"]
[WhiteClock "0:01:59"]
[BlackClock "0:00:00"]
[Board "164"]

1. e4 e6 2. d4 d5 3. exd5 exd5 4. Bd3 Nc6 5. Nf3 Bd6 6. O-O Nge7 7. c3 O-O 8. Bg5 f6 9. Bh4 Bf5 10. Re1 Qd7 11. Bg3 Bxd3 12. Qxd3 Nf5 13. Nbd2 Rae8 14. Nf1 Nd8 15. Rxe8 Rxe8 16. Re1 Rxe1 17. Nxe1 Bxg3 18. hxg3 Qe6 19. Nc2 c6 20. g4 Nd6 21. Nce3 N8f7 22. Ng3 g6 23. f3 Kg7 24. Kf2 Ng5 25. b3 b5 26. Nc2 a5 27. Qe3 Kf7 28. Ne1 a4 29. Nd3 axb3 30. axb3 Qxe3+ 31. Kxe3 Ne6 32. Nb4 Nd8 33. Ne2 g5 34. Nc1 f5 35. gxf5 Nxf5+ 36. Kf2 Ke6 37. Ncd3 Kd6 38. g4 Nh4 39. Ne5 Ng6 40. Nxg6 hxg6 41. Nd3 Nf7 42. Ke3 Ke6 43. Nf2 Nd6 44. Nh3 Nf7 45. Kd3 Kf6 46. c4 bxc4+ 47. bxc4 Ke6 48. c5 Kd7 49. Kc3 Ke6 50. Nf2 Nh6 51. Nd3 Nf7 52. Kb4 Kd7 53. Ka5 Kc7 54. Ka6 Kd7 55. Kb6 1-0


[Site "https://www.chess.com"]

[Event "Titled Tuesday Blitz July 18 Early 2023"]
[White "Zaichenko, Daria"]
[Black "Ahmad, Khagan"]
[WhiteFideId "4197453"]
[BlackFideId "13431552"]
[WhiteElo "2262"]
[BlackElo "2589"]
[Result "0-1"]
[Round "1"]
[TimeControl "180+2"]
[Date "2023.07.18"]
[WhiteClock "0:01:46"]
[BlackClock "0:01:29"]
[Board "165"]

1. e4 c5 2. Nf3 d6 3. d4 cxd4 4. Nxd4 a6 5. Nc3 Nf6 6. Be2 e5 7. Nb3 Be7 8. Be3 Be6 9. Qd3 Nc6 10. Nd5 Bxd5 11. exd5 Nb4 12. Qf5 g6 13. Qf3 Nxc2+ 14. Kd2 Nxa1 15. Rxa1 Rc8 16. a4 e4 17. Qf4 Nxd5 18. Qxe4 Nxe3 19. Qxe3 O-O 20. Ke1 Bf6 21. Qd2 Qb6 22. Ra3 d5 23. a5 Qd6 24. Kf1 Qxh2 25. f3 Bh4 26. Qd4 Rfe8 27. Bd3 Re1# 0-1


[Site "https://www.chess.com"]